 Dungeon Crawl Stone Soup version 0.23.0 (webtiles) character file.

Game seed: 18332115906367709990

2 tidbits the Charmwright (level 1, 18/20 HPs)
             Began as a Gnoll Skald on Feb 14, 2019.
             Quit the game on level 1 of the Dungeon.
             The game lasted 00:00:26 (34 turns).

tidbits the Charmwright (Gnoll Skald)                 Turns: 34, Time: 00:00:27

Health: 18/20      AC:  3    Str: 13    XL:     1   Next: 30%
Magic:  3/6        EV: 14    Int: 15    God:
Gold:   10         SH:  0    Dex: 14    Spells: 8/9 levels left

rFire    . . .     SeeInvis .   a - +0 spear
rCold    . . .     Gourm    .   (no shield)
rNeg     + . .     Faith    .   b - +0 leather armour
rPois    .         Spirit   .   (no helmet)
rElec    .         Reflect  .   (no cloak)
rCorr    .         Harm     .   (no gloves)
MR       .....                  (no boots)
Stlth    +.........             (no amulet)
HPRegen  0.06/turn              c - ring of positive energy
MPRegen  0.10/turn              (no ring)

@: infused
A: distributed training, fangs 1, strong nose
a: no special abilities


You were on level 1 of the Dungeon.
You were not hungry.

You visited 1 branch of the dungeon, and saw 1 of its levels.

You collected 10 gold pieces.

Inventory:

Hand Weapons
 a - a +0 spear (weapon)
Armour
 b - a +0 leather armour (worn)
Jewellery
 c - a ring of positive energy (left hand)
   (You found it on level 1 of the Dungeon)
Comestibles
 d - a ration


   Skills:
 + Level 4.4 Fighting
 + Level 0.0 Short Blades
 + Level 0.0 Long Blades
 + Level 0.0 Axes
 + Level 0.0 Maces & Flails
 + Level 4.4 Polearms
 + Level 0.0 Staves
 + Level 0.0 Slings
 + Level 0.0 Bows
 + Level 0.0 Crossbows
 + Level 0.0 Throwing
 + Level 2.3 Armour
 + Level 4.4 Dodging
 + Level 0.0 Stealth
 + Level 0.0 Shields
 + Level 0.0 Unarmed Combat
 + Level 4.8 Spellcasting
 + Level 0.0 Conjurations
 + Level 0.0 Hexes
 + Level 5.3 Charms
 + Level 0.0 Summonings
 + Level 0.0 Necromancy
 + Level 0.0 Translocations
 + Level 0.0 Transmutations
 + Level 0.0 Fire Magic
 + Level 0.0 Ice Magic
 + Level 0.0 Air Magic
 + Level 0.0 Earth Magic
 + Level 0.0 Poison Magic
 + Level 0.0 Invocations
 + Level 0.0 Evocations


You had 8 spell levels left.
You knew the following spells:

 Your Spells              Type           Power        Failure   Level  Hunger
i - Infusion              Chrm           ###.         2%          1    None

Your spell library contained the following spells:

 Spells                   Type           Power        Failure   Level  Hunger
 Song of Slaying          Chrm           ###.....     3%          2    ##.....
 Shroud of Golubria       Chrm/Tloc      ##........   11%         2    ##.....
 Regeneration             Chrm/Necr      ##........   22%         3    ###....
 Spectral Weapon          Hex/Chrm       ##......     22%         3    ###....


Dungeon Overview and Level Annotations

Branches:
Dungeon (1/15)

Altars:


Innate Abilities, Weirdness & Mutations

Your experience applies equally to all skills.
You have very sharp teeth.
Your uncanny sense of smell can sniff out nearby items.


Message History

Welcome, tidbits the Gnoll Skald.
Will you prevail where others failed? Will you find the Orb of Zot?
Press ? for a list of commands and other information.
Found a staircase leading out of the dungeon.
A rat comes into view.
Found a tubular ruby ring.
Casting: Infusion (safe; 2% risk of failure)
Confirm with . or Enter, or press ? or * to list all spells.
You begin infusing your attacks with magical energy.
Unknown command.
Unknown command.
Attack whom?
Press: ? - help, Dir - move target cursor, f - rat
Aim: a rat You reach to attack!
You hit the rat.
You kill the rat!
Found 10 gold pieces.
Things that are here:
a tubular ruby ring; a rat corpse
c - a tubular ruby ring Put on which piece of jewellery? (? for menu, Esc to quit)
c - a ring of positive energy (left hand)
Found a spear.
You see here 10 gold pieces.
You now have 10 gold pieces.
Your magical infusion is running out.
You see here a spear.
A hobgoblin and a kobold come into view.
You are no longer magically infusing your attacks.
Found 38 stones, a ring mail and a dark potion.
A giant cockroach comes into view.
The giant cockroach bites you but does no damage.
The giant cockroach misses you.
You hit the giant cockroach.
The giant cockroach is lightly wounded.
The hobgoblin shouts!
The giant cockroach bites you.
The kobold shouts!
The kobold throws a stone.
The stone closely misses you.
Casting: Infusion (safe; 2% risk of failure)
Confirm with . or Enter, or press ? or * to list all spells.
You begin infusing your attacks with magical energy.
The giant cockroach closely misses you.
The kobold throws a stone.
The stone closely misses you.
You hit the giant cockroach.
The giant cockroach is severely wounded.
The giant cockroach bites you but does no damage.
You hit the giant cockroach.
The giant cockroach is almost dead.
The giant cockroach bites you but does no damage.
The kobold throws a stone.
The stone hits you but does no damage.
You barely miss the giant cockroach.
You bite the giant cockroach, but do no damage.
The giant cockroach is almost dead.
The giant cockroach bites you but does no damage.
You hit the giant cockroach!
You kill the giant cockroach!
The kobold throws a stone.
The stone closely misses you.
You barely miss the hobgoblin.
You bite the hobgoblin, but do no damage.
The kobold throws a stone.
The stone closely misses you. The hobgoblin barely misses you.
You barely miss the hobgoblin. The hobgoblin hits you with a +0 club.
Are you sure you want to abandon this character and quit the game? (Confirm with "yes".)

. .## ### ..# ..# #.#
#.# #.# #.# #.#
...####.######.########
...........).(@....K.(.
..####.#######g#####.
#.....#.......#
#.....#.....(.#
#...†.#.......#
#.....#######.[
#.....#....## ..!
#.#####.....# ..# #.
####..#..##..#


You could see a hobgoblin and a kobold.

Vanquished Creatures
  A giant cockroach (D:1)
  A rat (D:1)
2 creatures vanquished.

Notes
Turn   | Place    | Note
-------+----------+-------------------------------------------
     0 | D:1      | tidbits the Gnoll Skald began the quest for the Orb.
     0 | D:1      | Reached XP level 1. HP: 20/20 MP: 6/6
    34 | D:1      | Quit the game

Action                   || total
-------------------------++-------
Melee: Spear             ||     8
       Bite              ||     2
 Cast: Infusion          ||     2
Armor: Leather armour    ||     4
Dodge: Dodged            ||     7

Table legend:
 A = Turns spent in this place as a percentage of turns spent in the entire game.
 B = Non-inter-level travel turns spent in this place as a percentage of non-inter-level travel turns spent in the entire game.
 C = Inter-level travel turns spent in this place as a percentage of turns spent in this place.
 D = Turns resting spent in this place as a percentage of non-inter-level travel turns spent in this place.
 E = Turns spent auto-exploring this place as a percentage of non-inter-level travel turns spent in this place.
 F = Non-inter-level travel turns spent in this place divided by the number of levels of this place that you've seen.
                   A       B       C       D       E      F
               +-------+-------+-------+-------+-------+----------------------
         Total | 100.0 | 100.0 |   0.0 |   0.0 |   0.0 |  34.0
       Dungeon | 100.0 | 100.0 |   0.0 |   0.0 |   0.0 |  34.0
               +-------+-------+-------+-------+-------+----------------------

Table legend:
 A = Kills in this place as a percentage of kills in entire the game.
 B = Kills by you in this place as a percentage of kills by you in the entire game.
 C = Kills by friends in this place as a percentage of kills by friends in the entire game.
 D = Other kills in this place as a percentage of other kills in the entire game.
 E = Experience gained in this place as a percentage of experience gained in the entire game.
 F = Experience gained in this place divided by the number of levels of this place that you have seen.
                   A       B       C       D       E      F
               +-------+-------+-------+-------+-------+----------------------
         Total | 100.0 | 100.0 |   N/A |   N/A | 100.0 |   3.0
       Dungeon | 100.0 | 100.0 |   N/A |   N/A | 100.0 |   3.0
               +-------+-------+-------+-------+-------+----------------------

Levels and vault maps discovered:
D:1:      mrwooster_arrival_statue, layout_basic
